Map: Ulrena

Players

InErtia

  • Race: Protoss Protoss
  • League: Diamond

ILLBdA - Winner!

  • Race: Protoss Protoss
  • League: Diamond

VOD

Have the link to the VOD?

Description

Time

  • Played on: Dec. 20, 2015, 8:41 a.m.
  • Length: 6:27
Show
View Real Time Build Order
Export as new Build Order

InErtia Protoss 

Build Orders: Cannon Rush 

Get SALT Encoding   

  12  0:01  Probe (Chrono Boost)  
  13  0:11  Probe (Chrono Boost)  
  14  0:23  Probe (Chrono Boost), Pylon  
  15  0:35  Pylon  
  15  0:41  Probe (Chrono Boost)  
  16  0:48  Forge  
  16  0:59  Gateway  
  16  1:03  Probe (Chrono Boost)  
  17  1:14  Probe (Chrono Boost)  
  18  1:21  Pylon  
  18  1:40  Photon Cannon  
  18  1:41  Photon Cannon  
  18  1:46  Photon Cannon  
  18  1:58  Photon Cannon  
  13  3:24  Nexus  
  12  5:12  Zealot (Chrono Boost)  
Show
View Real Time Build Order
Export as new Build Order

ILLBdA Protoss - Winner!

Build Orders: Cannon Rush 

Get SALT Encoding   

  12  0:01  Probe (Chrono Boost)  
  13  0:11  Probe (Chrono Boost)  
  14  0:19  Pylon  
  14  0:23  Probe (Chrono Boost)  
  15  0:37  Probe (Chrono Boost)  
  15  0:38  Forge  
  16  0:48  Probe (Chrono Boost)  
  17  0:58  Probe (Chrono Boost)  
  18  1:15  Pylon  
  18  1:16  Pylon  
  18  1:18  Pylon  
  17  1:27  Photon Cannon  
  17  1:37  Photon Cannon  
  17  1:40  Photon Cannon  
  17  1:42  Gateway  
  17  2:01  Pylon, Photon Cannon  
  17  2:18  Nexus  
  17  2:44  Gateway, Zealot (Chrono Boost)  
  18  3:11  Zealot (Chrono Boost)  
  20  3:32  Nexus  
  20  3:51  Pylon  
  20  4:52  Zealot (Chrono Boost)  
  22  4:54  Probe  
  23  5:08  Assimilator  
  23  5:10  Assimilator  
  23  5:16  Cybernetics Core  
  23  5:25  Probe  
  24  5:36  Probe  
  25  5:57  Stalker (Chrono Boost)  
  23  6:15  Gateway, Probe  
Tags
 
Matchup
PvP
Replay Pack
me
Add a new tag
Caveats
  • Supply blocks, unpowered buildings, or Contaminate may cause inaccurate times.
  • Supply counts are checked every 10 seconds.